 Dungeon Crawl Stone Soup version 0.20.0-15-g7f486f2 (webtiles) character file.

216 Malak the Skirmisher (level 5, -6/50 HPs)
             Began as a Hill Orc Fighter on June 11, 2017.
             Was an Initiate of Beogh.
             Mangled by a black bear (7 damage)
             ... created by the rage of Trog
             ... on level 4 of the Dungeon on June 12, 2017.
             The game lasted 00:18:02 (2941 turns).

Malak the Skirmisher (Hill Orc Fighter)             Turns: 2941, Time: 00:18:02

Health: -6/50      AC: 10    Str: 20    XL:     5   Next: 93%
Magic:  5/5        EV:  5    Int:  8    God:    Beogh [......]
Gold:   135        SH:  9    Dex: 10    Spells: 4/4 levels left

rFire    . . .     SeeInvis .   a - +0 war axe
rCold    . . .     Gourm    .   c - +0 shield
rNeg     . . .     Faith    .   l - +0 chain mail {rPois}
rPois    +         Spirit   .   (no helmet)
rElec    .         Reflect  .   (no cloak)
rCorr    .         Harm     .   h - +0 pair of gloves
MR       +....                  (no boots)
Stlth    ..........             (no amulet)
Regen    0.2/turn               k - ring of protection from magic
MPRegen  0.1/turn               (no ring)

@: about to teleport
A: no striking features
a: Renounce Religion


You were on level 4 of the Dungeon.
You worshipped Beogh.
Beogh was noncommittal.
You were not hungry.

You visited 1 branch of the dungeon, and saw 4 of its levels.

You collected 135 gold pieces.

Inventory:

Hand Weapons
 a - a +0 war axe (weapon)
 w - a +3 falchion
Missiles
 m - 8 javelins (quivered)
 p - 4 needles of confusion
 s - 2 tomahawks
Armour
 b - a +0 scale mail
 c - a +0 shield (worn)
 e - a +0 pair of gloves
 h - a +0 pair of gloves (worn)
 l - a +0 chain mail of poison resistance (worn)
Jewellery
 k - a ring of protection from magic (left hand)
Wands
 t - a wand of confusion (42/48)
Scrolls
 i - a scroll of identify
 o - a scroll of fear {unknown}
 u - a scroll of fog {unknown}
Potions
 d - a potion of might
 g - a potion of curing {unknown}
 j - a potion of invisibility {unknown}
 n - 2 potions of lignification {unknown}
 q - a potion of heal wounds {unknown}
Comestibles
 f - 5 bread rations
 r - 3 chunks of flesh
 v - a royal jelly


   Skills:
 - Level 6.1 Fighting
 + Level 4.0 Axes
 - Level 4.0 Armour
 - Level 4.1 Shields


You had 4 spell levels left.
You didn't know any spells.

Dungeon Overview and Level Annotations

Branches:
Dungeon (4/15)
 Temple: D:4-7

Altars:
Nemelex Xobeh
Ru
Trog
Vehumet
Xom


Message History

As you read the scroll of teleportation, it crumbles to dust.
You feel strangely unstable.
The polar bear rages.
The polar bear barely misses you. You block the polar bear's attack.
The polar bear claws you but does no damage.
You block the black bear's attack. The black bear claws you.
* * * LOW HITPOINT WARNING * * *
The black bear claws you.
* * * LOW HITPOINT WARNING * * *
The black bear rages.
The black bear bites you.
* * * LOW HITPOINT WARNING * * *
The black bear claws you.
* * * LOW HITPOINT WARNING * * *
The black bear claws you but does no damage.
The polar bear completely misses you. x2
The polar bear claws you but does no damage.
The black bear rages. x2
The black bear bites you!
You die...

### #.#.......# #..o.#
...#.#.#.#.#.####....#
###.#.#.........##....####
........#.#.#.#.####.....
#.............##....
#.#.#.......#.##...
#...............#'##
###.#...#.#.....#h#.#..#
..#.#.#..#......@.hh...#
#.#.#.#.#.#.#)..#h#h#..## .
#.#.#......#.....h......## ..
#.#.#...#.#.#.#.#.#.#.#.)### ##.
#.#.#........................ ...
..#.#.#.#####.##.####........ ..≈
......#.............#........ .≈P
..............#.....#........ ≈.≈
......###..####.....#....P≈.≈≈≈≈P


You could see 3 polar bears and 3 black bears.

Vanquished Creatures
  A howler monkey (D:4)
  3 worker ants (D:4)
  A hound skeleton (D:4)
  An adder (D:2)
  3 oozes
  2 worms
  3 leopard geckos
  6 orcs (D:3)
  A ball python (D:1)
  4 giant cockroaches
  4 hobgoblins
  3 jackals (D:3)
  4 kobolds
  A quokka (D:2)
  8 bats
  3 frilled lizards (D:2)
  4 goblins
  A leopard gecko skeleton (D:4)
  5 rats
58 creatures vanquished.

Vanquished Creatures (others)
  An orc priest (D:4)
  An orc (D:4)
2 creatures vanquished.

Grand Total: 60 creatures vanquished

Notes
Turn   | Place    | Note
-------+----------+-------------------------------------------
     0 | D:1      | Malak the Hill Orc Fighter began the quest for the Orb.
     0 | D:1      | Reached XP level 1. HP: 19/19 MP: 1/1
    21 | D:1      | Reached skill level 4 in Fighting
   181 | D:1      | Reached XP level 2. HP: 27/27 MP: 2/2
   831 | D:2      | Reached XP level 3. HP: 30/33 MP: 3/3
  1226 | D:2      | Found a bloodstained altar of Trog.
  1229 | D:2      | Found a sacrificial altar of Ru.
  1232 | D:2      | Found a shimmering altar of Xom.
  1233 | D:2      | Found a sparkling altar of Nemelex Xobeh.
  1255 | D:2      | Became a worshipper of Trog the Wrathful
  1526 | D:3      | Reached XP level 4. HP: 40/40 MP: 4/4
  2507 | D:4      | Fell from the grace of Trog
  2507 | D:4      | Became a worshipper of Beogh the Brigand
  2676 | D:4      | Found a radiant altar of Vehumet.
  2725 | D:4      | Reached skill level 5 in Fighting
  2725 | D:4      | Reached XP level 5. HP: 36/48 MP: 5/5
  2903 | D:4      | Reached skill level 6 in Fighting
  2936 | D:4      | Noticed a black bear
  2936 | D:4      | Noticed a black bear
  2936 | D:4      | Noticed a polar bear
  2936 | D:4      | Noticed a polar bear
  2936 | D:4      | Noticed a polar bear
  2936 | D:4      | Noticed a black bear
  2939 | D:4      | HP: 2/50 [black bear[the rage of Trog] (5)]
  2941 | D:4      | Mangled by a black bear

Skill      XL: |  1  2  3  4  5 |
---------------+----------------+-----
Fighting       | 4 5 6 |  6.1
Axes           | 3 4 |  4.0
Armour         | 4 |  4.0
Shields        | 4 |  4.1

Action                   |  1- 3 |  4- 6 || total
-------------------------+-------+-------++-------
Melee: War axe           |   128 |    68 ||   196
       Falchion          |       |    11 ||    11
Invok: Convert to Beogh  |       |     1 ||     1
  Use: Scroll            |       |     6 ||     6
  Eat: Chunk             |     2 |     1 ||     3
       Bread ration      |       |     1 ||     1
Armor: Scale mail        |    15 |       ||    15
       Chain mail        |    56 |    57 ||   113
Dodge: Dodged            |    33 |    31 ||    64
Block: Shield            |    59 |    51 ||   110
       Rpst.: Falchion   |       |     1 ||     1
